 Dungeon Crawl Stone Soup version 0.28.0-45-g0d030f2227 (webtiles) character file.

Game seed: 7141427101214443515

4799 Jason the Covered (level 10, -4/83 HPs)
             Began as a Ghoul Fighter on Apr 5, 2022.
             Was an Elder of Nemelex Xobeh.
             Slain by a komodo dragon (21 damage)
             ... on level 1 of the Lair of Beasts.
             The game lasted 00:47:15 (7775 turns).

Jason the Covered (Ghoul Fighter)                   Turns: 7775, Time: 00:47:16

Health: -4/83      AC: 17    Str: 25    XL:     10   Next: 48%
Magic:  11/11      EV:  9    Int: -2    God:    Nemelex Xobeh [****..]
Gold:   104        SH:  5    Dex: 10    Spells: 9/9 levels left

rFire   + . .      SeeInvis +   w - +9 whip of the Beast {venom, rPois Str-4 Int-5 Stlth+}
rCold   . . .      Faith    .   b - +1 buckler
rNeg    + + +      Spirit   .   k - +7 chain mail of Dawn {rElec SInv}
rPois   ∞          Reflect  .   (no helmet)
rElec   +          Harm     .   (no cloak)
rCorr   .          Rampage  .   (no gloves)
Will    .....                   (no boots)
Stlth   ..........              (no amulet)
HPRegen 0.00/turn               c - +6 ring of strength
MPRegen 0.12/turn               o - ring of fire

@: inhibited regen, slowed, lost intelligence, unable to read, very slow
A: claws 1, cold resistance 1, negative energy resistance 3, inhibited
regeneration, torment resistance 2
a: Renounce Religion, Draw Escape, Draw Destruction, Draw Summoning, Triple
Draw, Deal Four


You were on level 1 of the Lair of Beasts.
You worshipped Nemelex Xobeh.
Nemelex Xobeh was greatly pleased with you.
You visited 2 branches of the dungeon, and saw 9 of its levels.
You also visited: Sewer.

You collected 497 gold pieces.
You spent 393 gold pieces at shops.

Inventory:

Hand Weapons
 w - the +9 whip of the Beast (weapon) {venom, rPois Str-4 Int-5 Stlth+}
   (You found it on level 6 of the Dungeon)

   It poisons the flesh of those it strikes.
   Str:       It affects your strength (-4).
   Int:       It affects your intelligence (-5).
   rPois:     It protects you from poison.
   Stlth:     It makes you more stealthy.
Missiles
 a - 85 bolts
 A - 4 atropa-tipped darts (quivered)
Armour
 b - a +1 buckler (worn)
 k - the +7 chain mail of Dawn (worn) {rElec SInv}
   (You found it on level 2 of the Dungeon)

   rElec:     It insulates you from electricity.
   SInv:      It lets you see invisible.
Jewellery
 c - a +6 ring of strength (left claw)
 o - a ring of fire (right claw)
 C - a ring of ice
Wands
 s - a wand of polymorph (6)
 D - a wand of paralysis (3)
Scrolls
 e - 10 scrolls of teleportation
 n - a scroll of enchant weapon {unknown}
 t - a scroll of summoning
 v - a scroll of brand weapon
 y - a scroll of torment {unknown}
 z - 2 scrolls of immolation {unknown}
 B - a scroll of blinking {unknown}
Potions
 d - a potion of lignification {unknown}
 f - a potion of heal wounds
 h - 3 potions of flight
 i - a potion of mutation {unknown}
 l - 2 potions of brilliance {unknown}
 m - 4 potions of degeneration {unknown}
 p - a potion of ambrosia {unknown}
 q - a potion of magic {unknown}
 r - a potion of attraction {unknown}
 u - a potion of haste {unknown}
 x - a potion of might


   Skills:
 * Level 6.0 Fighting
 * Level 2.7(4.6) Axes
 * Level 2.6(3.6) Maces & Flails
 * Level 5.0(5.6) Polearms
 * Level 2.2(4.4) Staves
 * Level 3.5 Throwing
 * Level 6.3 Armour
 * Level 3.5 Dodging
 * Level 4.7 Stealth
 * Level 4.6 Shields
 * Level 4.8 Unarmed Combat
 * Level 3.8 Invocations
 * Level 1.8 Evocations


You had 9 spell levels left.
You didn't know any spells.
Your spell library was empty.

Dungeon Overview and Level Annotations

Branches:
Dungeon (8/15)             Temple (0/1) D:7            Lair (1/6) D:8
  Sewer (visited)

Altars:
Ashenzari
Dithmenos
Hepliaklqana
Nemelex Xobeh
Sif Muna
Vehumet
Xom
Yredelemnul

Shops:
D:2 *[(   D:5 *   D:6 *!


Innate Abilities, Weirdness & Mutations

You thrive by killing the living.
You are immune to poison.
You have sharp fingernails.
Your flesh is cold resistant. (rC+)
You are immune to negative energy. (rN+++)
You do not regenerate when monsters are visible.
You are immune to unholy pain and torment.


Message History

The komodo dragon bites you but does no damage.
The komodo dragon bites you but does no damage.
You hit the komodo dragon.
The komodo dragon is moderately wounded.
The komodo dragon bites you but does no damage.
You closely miss the komodo dragon.
The komodo dragon is moderately wounded.
You block the komodo dragon's attack.
The komodo dragon bites you but does no damage.
You whack the komodo dragon!
The komodo dragon is severely wounded.
The komodo dragon bites you! The komodo dragon barely misses you.
You hit the komodo dragon.
The komodo dragon looks even sicker.
The komodo dragon is severely wounded.
The komodo dragon bites you!! You block the komodo dragon's attack.
The komodo dragon bites you! The komodo dragon barely misses you.
The komodo dragon looks more healthy.
The komodo dragon bites you!
* * * LOW HITPOINT WARNING * * *
The komodo dragon bites you but does no damage.
Aiming: Paralyse
Press: ? - help, Shift-Dir - straight line, f - komodo dragon
Aim: a komodo dragon (almost dead, chance to affect: 36%)
The komodo dragon easily resists.
The komodo dragon bites you.
* * * LOW HITPOINT WARNING * * *
The komodo dragon bites you but does no damage.
Unknown command.
Aiming: Mindburst
Press: ? - help, Shift-Dir - straight line, f/p - komodo dragon
Aim: a komodo dragon (almost dead, chance to affect: 55%)
The komodo dragon resists with significant effort.
The now-empty wand crumbles to dust.
The komodo dragon completely misses you.
You feel better. The komodo dragon barely misses you.
The komodo dragon bites you!!
You die...
Your body glows with a rainbow of weird colours and disappears.

### ########.#####
###........##..#
#..............###
#........#....l@.##
#:.#####..#####....###
... #### #.##....# ...
######### #....## #.#
###.#....P####....# .#
#...<.....#.###...# .
#...........# #...##
#............###....#
#............##...####..


You could see a komodo dragon.

Vanquished Creatures
  An elephant (D:8)
  Grinder (D:3)
  A shadow (D:7)
  Eustachio (D:4)
  5 yaks
  A basilisk (D:8)
  A steam dragon (D:6)
  Menkaure (D:6)
  2 water moccasins
  An ice beast (D:5)
  2 black bears (D:8)
  3 orc warriors
  2 ogres
  2 bullfrogs
  A scorpion (D:5)
  8 wights
  A killer bee (D:8)
  A centaur zombie (D:7)
  3 hounds
  2 centaur skeletons
  2 orc priests (D:7)
  2 jellies
  A bullfrog skeleton (D:5)
  Natasha (thrice) (D:3)
  3 orc wizards
  A hell rat (Sewer)
  A howler monkey zombie (D:8)
  8 adders
  A howler monkey skeleton (D:7)
  6 river rats
  A white imp (D:6)
  An adder skeleton (D:4)
  15 orcs
  9 bats
  4 endoplasms
  4 giant cockroaches
  11 goblins
  5 hobgoblins
  4 jackals (D:1)
  4 quokkas
  2 ball pythons
  5 kobolds
  13 rats
146 creatures vanquished.

Vanquished Creatures (collateral kills)
  Sigmund (D:4)
  A wyvern (D:8)
  Duvessa (D:7)
  Dowan (D:7)
  A hound (D:7)
  A jelly (D:7)
  An iguana (D:5)
  Ijyb (D:4)
  5 orcs
13 creatures vanquished.

Vanquished Creatures (others)
  An ice beast (D:4)
  2 demonic plants (D:1)
  2 fungi (D:8)
  8 plants (D:4)
  3 withered plants (D:1)
16 creatures vanquished.

Grand Total: 175 creatures vanquished

Notes
Turn   | Place    | Note
-------+----------+-------------------------------------------
     0 | D:1      | Jason the Ghoul Fighter began the quest for the Orb.
     0 | D:1      | Reached XP level 1. HP: 19/19 MP: 0/0
   158 | D:1      | Reached XP level 2. HP: 26/26 MP: 1/1
   308 | D:1      | Found a faded altar of an unknown god.
   322 | D:1      | Prayed at the altar of an unknown god.
   322 | D:1      | Became a worshipper of Nemelex Xobeh the Trickster
   322 | D:1      | Reached * piety under Nemelex Xobeh
   454 | D:1      | Reached XP level 3. HP: 30/31 MP: 2/2
   454 | D:1      | Received a gift from Nemelex Xobeh
   988 | D:2      | Found Seecygex's Weapon Shoppe.
  1053 | D:2      | Reached skill level 1 in Throwing
  1058 | D:2      | Found Bith's Assorted Antiques.
  1092 | D:2      | Reached ** piety under Nemelex Xobeh
  1145 | D:2      | Bought a +1 spear of venom for 127 gold pieces
  1159 | D:2      | Found Siahum's Armour Shoppe.
  1177 | D:2      | Reached XP level 4. HP: 22/40 MP: 3/3
  1330 | D:2      | Reached skill level 1 in Stealth
  1488 | D:2      | Identified the +7 chain mail of Dawn {rElec SInv}
  1548 | D:2      | Found Makhutz's Assorted Antiques.
  1693 | D:3      | Noticed Natasha
  1701 | D:3      | Killed Natasha
  1708 | D:3      | Noticed Natasha
  1717 | D:3      | Killed Natasha
  1718 | D:3      | Reached skill level 1 in Dodging
  1718 | D:3      | Reached XP level 5. HP: 44/46 MP: 4/4
  1811 | D:3      | Noticed Grinder
  1816 | D:3      | Paralysed by Grinder for 3 turns
  1826 | D:3      | Killed Grinder
  1827 | D:3      | Reached skill level 1 in Polearms
  1827 | D:3      | Reached skill level 1 in Invocations
  1827 | D:3      | Reached XP level 6. HP: 52/52 MP: 4/6
  1891 | D:3      | Noticed Natasha
  1915 | D:3      | Killed Natasha
  2038 | D:3      | Received a gift from Nemelex Xobeh
  2089 | D:4      | Reached XP level 7. HP: 52/59 MP: 7/7
  2167 | D:4      | Found a shadowy altar of Dithmenos.
  2269 | D:4      | Noticed Ijyb
  2270 | D:4      | Found a basalt altar of Yredelemnul.
  2284 | D:4      | Killed Ijyb
  2312 | D:4      | Noticed Sigmund
  2316 | D:4      | Killed Sigmund
  2326 | D:4      | Noticed Eustachio
  2342 | D:4      | Killed Eustachio
  2343 | D:4      | Reached XP level 8. HP: 37/67 MP: 8/8
  2390 | D:4      | Found a glowing drain.
  2410 | Sewer    | Entered a sewer
  3150 | D:4      | Found a shimmering altar of Xom.
  3150 | D:4      | Found a shimmering blue altar of Sif Muna.
  3152 | D:4      | Reached *** piety under Nemelex Xobeh
  3646 | D:5      | Entered Level 5 of the Dungeon
  3671 | D:5      | Found Ivan Gysho's Assorted Antiques.
  3679 | D:5      | Bought a brass wand for 136 gold pieces
  3940 | D:5      | Noticed a shadow demon
  4397 | D:5      | You fall into a shaft and drop 1 floor!
  4488 | D:6      | Reached skill level 5 in Armour
  4716 | D:5      | Bought a scroll labelled ZIEDUO INORPHE for 34 gold pieces
  4823 | D:6      | Reached skill level 5 in Fighting
  4823 | D:6      | Reached skill level 1 in Axes
  4823 | D:6      | Reached XP level 9. HP: 62/74 MP: 8/10
  4831 | D:6      | Identified the +9 whip of the Beast {venom, rPois Str-4
                  | Int-5 Stlth+}
  4833 | D:6      | Lost intelligence.
  4856 | D:6      | Reached skill level 1 in Staves
  5433 | D:6      | Noticed Menkaure
  5440 | D:6      | Killed Menkaure
  5585 | D:6      | Found Biuli's Distillery.
  5597 | D:6      | Bought a potion of heal wounds for 60 gold pieces
  5597 | D:6      | Bought a potion of curing for 36 gold pieces
  5687 | D:6      | Found Lyumiot's Assorted Antiques.
  5762 | D:6      | Lost intelligence.
  5892 | D:7      | Reached **** piety under Nemelex Xobeh
  5970 | D:7      | Received a gift from Nemelex Xobeh
  5976 | D:7      | Noticed Dowan
  5976 | D:7      | Noticed Duvessa
  5981 | D:7      | Noticed an orange demon
  5985 | D:7      | Killed Dowan
  5988 | D:7      | Killed Duvessa
  6025 | D:7      | Reached skill level 1 in Maces & Flails
  6097 | D:7      | Found a staircase to the Ecumenical Temple.
  6241 | D:7      | Reached skill level 1 in Evocations
  6453 | D:7      | Found a broken altar of Ashenzari.
  6454 | D:7      | Found a hazy altar of Hepliaklqana.
  6692 | D:7      | Reached XP level 10. HP: 63/83 MP: 11/11
  6822 | D:8      | Received a gift from Nemelex Xobeh
  6881 | D:8      | Noticed an elephant
  6882 | D:8      | Found a staircase to the Lair.
  6886 | D:8      | Killed an elephant
  7025 | D:8      | Reached skill level 5 in Polearms
  7404 | D:8      | Found a radiant altar of Vehumet.
  7695 | Lair:1   | Entered Level 1 of the Lair of Beasts
  7722 | Lair:1   | Received a gift from Nemelex Xobeh
  7775 | Lair:1   | Slain by a komodo dragon

Illustrated notes

Levels and vault maps discovered:
D:1:      mrwooster_arrival_statue_2, layout_loops_corners,
          shapermc_ecumenical_altar_gd
D:2:      layout_rooms, serial_shops, shop_statue, shop,
          nicolae_shop_advertising_works [nicolae_subvault_shop_adworks], shop
D:3:      layout_basic, uniq_grinder, uniq_natasha
D:4:      layout_basic, mainiacjoe_overflow_catch_the_wave,
          grunt_temple_overflow_open, portal_sewer_entry_e,
          kennysheep_small_circle, uniq_eustachio, uniq_sigmund, uniq_ijyb
D:5:      layout_basic, serial_shops, shop
D:6:      layout_basic, serial_shops, kennysheep_little_box,
          nicolae_shop_overgrown_old_shop, uniq_menkaure
D:7:      layout_rooms, gammafunk_temple_overflow_pools, temple_green,
          st_stairs_6, minmay_stone_trees_small, minmay_small_thing,
          uniq_duvessa
D:8:      layout_basic, mainiacjoe_overflow_alcove_4, david_lair_generic
Lair:1:   layout_concentric_octagons

Skill      XL: |  1  2  3  4  5  6  7  8  9 10 |
---------------+-------------------------------+-----
Armour         | 3 4 5 6 |  6.3
Throwing       | 1 2 3 |  3.5
Shields        | 3 4 |  4.6
Stealth        | 1 2 3 4 |  4.7
Dodging        | 1 2 3 |  3.5
Fighting       | 4 5 6 |  6.0
Polearms       | 1 2 4 5 |  5.0
Unarmed Combat | 3 4 |  4.8
Invocations    | 1 2 3 |  3.8
Axes           | 1 2 |  2.7
Staves         | 1 2 |  2.2
Maces & Flails | 1 2 |  2.6
Evocations     | 1 |  1.8

Action                   |  1- 3 |  4- 6 |  7- 9 | 10-12 || total
-------------------------+-------+-------+-------+-------++-------
Melee: Unarmed           |    86 |       |       |       ||    86
       Spear             |    11 |    75 |   107 |       ||   193
       Halberd           |       |       |    62 |       ||    62
       Whip              |       |       |    83 |    34 ||   117
       Punch             |       |       |     2 |       ||     2
Throw: Boomerang         |    40 |       |       |       ||    40
       Dart              |       |       |       |     6 ||     6
Invok: Draw Destruction  |       |     3 |     8 |     3 ||    14
       Draw Summoning    |       |     1 |     4 |     2 ||     7
       Draw Escape       |       |       |     1 |       ||     1
Evoke: Wand              |       |       |    17 |     5 ||    22
  Use: Scroll            |     3 |     2 |     6 |       ||    11
       Potion            |       |     1 |     6 |     1 ||     8
 Stab: Paralysed         |       |       |     5 |       ||     5
Armor: Scale mail        |    30 |    12 |       |       ||    42
       Chain mail        |       |    56 |   255 |    59 ||   370
Dodge: Dodged            |    43 |    28 |   164 |    38 ||   273
Block: Buckler           |    13 |    25 |    58 |    32 ||   128
